AoeStats
← Pandax28

Black Forest

506860341Analyzed
4v4 RM · 17d ago on Sep 15, 2026· 59m 46s· 8 players
Game mode
Random Map
Map size
Large (8 player)
Population
200
Speed
Normal
Resources
Standard
Victory
Conquest
Starting age
Dark Age
Ending age
Imperial Age
RankedLock teamsTeams togetherTeam positionsShared explorationLock speedFull tech treeHidden civsTurbo modeCheats
Victory
Defeat
🇳🇱 Bohemians · Netherlands
794
+15
🇵🇱 Britons · Poland
751
+16
🇬🇧 Poles · United Kingdom
738
+17
🇩🇪 Italians · Germany
728
+18
🇺🇸 Slavs · United States
812
-18
🇵🇪 Inca · Peru
740
-16
🇻🇳 Franks · Vietnam
728
-15
RafixD984595
1:06 Loom
12:00 Feudal Age
19:43 Castle Age
20:42 Fishing Lines
22:24 Double-Bit Axe
23:19 Wheelbarrow
24:18 Fletching
24:29 Padded Archer Armor
27:50 Imperial Age
26:28 Hand Cart
26:12 Bodkin Arrow
26:17 Gold Mining
28:13 Ballistics
28:05 Fortified Wall
27:50 Murder Holes
28:06 Masonry
29:13 Bracer
29:53 Gillnets
30:52 Conscription
31:51 Chemistry
31:16 Bow Saw
32:58 Leather Archer Armor
33:50 Gold Shaft Mining
35:18 Elite Longbowman
37:23 Yeomen
37:52 Town Watch
39:55 Warwolf
43:38 Fervor
44:42 Two-Man Saw
44:17 Ring Archer Armor
43:58 Forging
43:48 Scale Mail Armor
43:52 Caravan
44:23 Coinage
47:56 Iron Casting
47:37 Chain Mail Armor
47:57 Architecture
47:33 Siege Engineers
47:38 Careening
47:50 Shipwright
47:20 Heated Shot
47:11 Treadmill Crane
48:51 Banking
48:32 Guilds
Icewulf 11
0:33 Loom
13:29 Feudal Age
14:28 Double-Bit Axe
15:16 Horse Collar
20:35 Castle Age
19:30 Forging
19:19 Stone Mining
20:12 Padded Archer Armor
20:28 Fletching
21:10 Scale Mail Armor
21:33 Crossbowman
22:45 Bow Saw
24:16 Leather Archer Armor
25:24 Iron Casting
25:23 Heavy Plow
27:22 Chain Mail Armor
28:33 Bodkin Arrow
35:20 Imperial Age
33:57 Caravan
35:29 Coinage
37:34 Chemistry
36:30 Murder Holes
37:41 Blast Furnace
38:01 Ring Archer Armor
39:03 Two-Man Saw
38:49 Ballistics
39:27 Plate Mail Armor
40:38 Banking
41:11 Bracer
43:37 Elite Genoese Crossbowman
47:19 Guilds
Manic_Douche
1:54 Loom
13:05 Feudal Age
18:25 Castle Age
19:12 Double-Bit Axe
22:56 Caravan
23:29 Coinage
24:23 Town Watch
25:16 Wheelbarrow
25:36 Gold Mining
26:31 Bow Saw
30:33 Elite Skirmisher
33:12 Horse Collar
36:36 Imperial Age
34:20 Scale Barding Armor
35:46 Hand Cart
35:51 Fortified Wall
35:46 Scale Mail Armor
36:48 Town Patrol
39:19 Chain Barding Armor
40:01 Chemistry
39:12 Szlachta Privileges
38:38 Cavalier
39:20 Husbandry
39:31 Bloodlines
38:41 Light Cavalry
40:33 Murder Holes
40:49 Masonry
40:45 Siege Engineers
41:15 Ballistics
40:32 Winged Hussar
41:57 Pikeman
43:41 Stone Mining
45:58 Padded Archer Armor
49:17 Hoardings
49:19 Crossbowman
49:55 Fletching
50:57 Chain Mail Armor
52:24 Leather Archer Armor
52:06 Bodkin Arrow
55:36 Plate Mail Armor
55:12 Heavy Plow
nel
0:47 Loom
12:13 Feudal Age
13:04 Double-Bit Axe
13:39 Horse Collar
21:20 Castle Age
20:14 Scale Barding Armor
20:47 Forging
22:16 Bow Saw
22:08 Heavy Plow
22:46 Wheelbarrow
23:13 Caravan
26:03 Hand Cart
29:44 Imperial Age
28:55 Iron Casting
30:02 Treadmill Crane
31:23 Chemistry
32:06 Two-Man Saw
31:16 Fletching
31:26 Padded Archer Armor
32:49 Town Watch
34:44 Fortified Wall
34:30 Murder Holes
35:18 Siege Engineers
36:33 Murder Holes
37:42 Blast Furnace
36:58 Leather Archer Armor
37:24 Conscription
37:10 Wagenburg Tactics
37:15 Scale Mail Armor
38:07 Squires
38:02 Elite Skirmisher
39:02 Hussite Reforms
41:08 Chain Mail Armor
42:20 Elite Hussite Wagon
44:00 Plate Mail Armor
46:42 Houfnice
47:57 Man-at-Arms
47:58 Pikeman
49:11 Ring Archer Armor
48:36 Bodkin Arrow
49:20 Long Swordsman
50:59 Halberdier
52:51 Two-Handed Swordsman
54:33 Champion
55:44 Bracer
58:28 Town Patrol
ItsRiZeTV
8:53 Loom
11:57 Feudal Age
17:58 Castle Age
16:35 Wheelbarrow
16:08 Double-Bit Axe
18:05 Forging
18:00 Scale Barding Armor
18:38 Horse Collar
20:54 Stone Mining
22:42 Husbandry
22:05 Light Cavalry
24:49 Gold Mining
27:26 Bloodlines
30:04 Hand Cart
30:43 Town Watch
32:06 Gold Shaft Mining
33:54 Chain Barding Armor
34:17 Iron Casting
34:44 Town Patrol
35:43 Heavy Plow
35:55 Bow Saw
41:39 Imperial Age
39:40 Pikeman
45:49 Plate Barding Armor
46:14 Blast Furnace
45:11 Elite Boyar
46:31 Halberdier
47:12 Squires
48:14 Scale Mail Armor
50:55 Conscription
53:43 Chain Mail Armor
55:14 Onager
58:31 Hussar
Pandax28
0:44 Loom
11:28 Feudal Age
17:15 Horse Collar
17:23 Double-Bit Axe
19:43 Wheelbarrow
19:49 Forging
22:49 Scale Mail Armor
26:39 Castle Age
26:22 Fletching
26:09 Champi Runner
27:13 Padded Archer Armor
27:35 Elite Skirmisher
28:25 Thumb Ring
27:59 Champi Warrior
28:42 Squires
31:01 Bodkin Arrow
31:22 Leather Archer Armor
33:39 Hand Cart
34:15 Heavy Plow
34:34 Bow Saw
39:39 Iron Casting
39:19 Chain Mail Armor
42:24 Imperial Age
41:31 Andean Sling
AnnieQN
8:16 Loom
12:30 Feudal Age
14:30 Double-Bit Axe
22:23 Castle Age
21:09 Gold Mining
21:09 Stone Mining
23:19 Scale Barding Armor
24:22 Chain Barding Armor
25:01 Forging
29:25 Fletching
30:18 Murder Holes
36:52 Imperial Age
37:06 Capped Ram
37:27 Cavalier
40:14 Siege Engineers
44:35 Plate Barding Armor
44:36 Iron Casting
44:21 Husbandry
49:42 Chivalry
51:04 Bow Saw
51:21 Heavy Scorpion
54:20 Chemistry
54:15 Bodkin Arrow
55:12 Padded Archer Armor
56:47 Leather Archer Armor
我是厨子不是愚公,只会做饭不会易大山
0:34 Loom
11:16 Feudal Age
11:48 Double-Bit Axe
14:09 Wheelbarrow
19:25 Gold Mining
23:03 Castle Age
21:36 Horse Collar
21:50 Stone Mining
24:46 Bow Saw
26:26 Fervor
26:42 Fletching
27:38 Bodkin Arrow
28:21 Gold Shaft Mining
27:50 Heavy Plow
33:12 Imperial Age
31:03 Hand Cart
32:06 Treadmill Crane
32:38 Masonry
32:49 Ballistics
32:33 Padded Archer Armor
33:45 Caravan
34:58 Two-Man Saw
35:08 Conscription
35:25 Bracer
35:40 Leather Archer Armor
37:28 Leather Archer Armor
39:32 Conscription
40:06 Ring Archer Armor
43:04 Artillery
43:28 Fortified Wall
43:49 Architecture
43:40 Bombard Tower
44:36 Forging
44:32 Scale Barding Armor
45:59 Iron Casting
48:04 Bloodlines
48:58 Chain Barding Armor
49:38 Blast Furnace
50:59 Plate Barding Armor
Connection lost

Rejoining the realm…

Still unreachable

The connection could not be restored.

Session expired

The server has moved on; the page needs a fresh start.